Map: Cerulean Fall LE

Players

Glazerbeam - Winner!

  • Race: Zerg Zerg
  • League: Master
  • Spawn Location: 7:00

Jice

  • Race: Protoss Protoss
  • League: Diamond
  • Spawn Location: 1:00

VOD

Have the link to the VOD?

Description

Time

  • Played on: Sept. 18, 2018, 2:32 p.m.
  • Length: 13:40
Show
View Real Time Build Order
Export as new Build Order

Glazerbeam Zerg - Winner!

Build Orders: Pool First, Ravager All-In 

Get SALT Encoding   

  12  0:02  Drone  
  13  0:14  Overlord  
  13  0:19  Drone  
  14  0:33  Drone x2  
  16  0:36  Drone  
  16  0:38  Extractor  
  16  0:49  Spawning Pool  
  16  0:57  Drone  
  16  1:06  Drone  
  17  1:15  Drone  
  18  1:27  Overlord  
  18  1:34  Drone  
  19  1:40  Roach Warren  
  19  1:42  Queen  
  20  1:48  Zergling x2  
  21  2:11  Extractor  
  20  2:22  Roach x3  
  26  2:34  Overlord  
  27  2:44  Ravager x3  
  27  2:51  Overlord  
  29  3:04  Queen  
  31  3:06  Roach x2  
  34  3:21  Roach x2  
  38  3:40  Ravager x2  
  40  4:01  Ravager  
  39  4:18  Roach x3  
  45  4:38  Overlord  
  45  4:40  Ravager  
  45  4:43  Hatchery  
  45  5:02  Ravager  
  46  5:16  Drone  
  46  5:17  Drone x2  
  49  5:23  Ravager x2  
  51  5:41  Roach  
  53  5:43  Overlord x2  
  53  6:06  Drone x4  
  53  6:07  Drone x2  
  53  6:10  Metabolic Boost  
  56  6:21  Drone  
  56  6:23  Queen  
  59  6:27  Drone x2  
  59  6:28  Drone  
  62  6:33  Drone  
  63  6:45  Drone x2  
  65  6:49  Lair  
  65  7:03  Drone x6  
  71  7:14  Drone x2  
  73  7:22  Extractor  
  72  7:32  Overlord  
  72  7:33  Spore Crawler  
  72  7:44  Overlord x2  
  72  7:48  Hydralisk Den  
  71  7:59  Overlord  
  71  8:05  Overseer x2  
  71  8:08  Spore Crawler, Hatchery  
  71  8:09  Spore Crawler  
  68  8:14  Spine Crawler  
  68  8:17  Drone x4, Spine Crawler  
  70  8:20  Hydralisk x5  
  70  8:24  Hydralisk  
  82  8:34  Hydralisk x2  
  82  8:40  Zergling x2  
  87  8:51  Drone x4  
  87  8:53  Muscular Augments  
  91  8:55  Glial Reconstitution  
  91  9:01  Drone  
  91  9:02  Drone x4  
  96  9:03  Drone  
  98  9:10  Ravager  
  96  9:29  Queen  
  96  9:30  Hydralisk x6  
  110  9:37  Zergling x2  
  110  9:38  Zergling x6  
  114  9:43  Overlord x2  
  113  9:54  Drone, Overlord x2  
  114  10:09  Hydralisk  
  114  10:10  Hydralisk x6  
  128  10:14  Roach  
  128  10:15  Roach x2  
  134  10:26  Queen  
  136  10:47  Zergling x4  
  116  11:02  Zergling x26  
  96  11:20  Ravager  
  83  11:44  Spire  
  71  11:50  Drone x7, Extractor  
  71  11:51  Extractor  
  71  11:52  Hydralisk  
  71  11:53  Hydralisk x6  
  90  12:10  Drone x2  
  84  12:51  Zergling x22  
  84  12:52  Zergling x6  
  97  13:01  Mutalisk x8  
  104  13:13  Mutalisk  
  104  13:14  Mutalisk x2  
Show
View Real Time Build Order
Export as new Build Order

Jice Protoss 

Build Orders:  

Get SALT Encoding   

  1  0:00  Probe  
  12  0:05  Probe  
  14  0:18  Pylon  
  14  0:21  Probe  
  15  0:38  Forge  
  15  0:55  Pylon  
  15  1:08  Assimilator  
  15  1:14  Photon Cannon  
  15  1:16  Probe, Gateway  
  15  1:24  Probe  
  17  1:34  Probe  
  17  1:35  Assimilator  
  18  1:44  Assimilator  
  18  1:46  Probe  
  19  1:53  Photon Cannon  
  19  1:58  Probe  
  20  2:06  Probe  
  20  2:07  Cybernetics Core  
  20  2:15  Probe  
  22  2:27  Probe  
  23  2:33  Pylon  
  23  2:42  Photon Cannon  
  23  2:46  Shield Battery, Adept  
  25  3:07  Photon Cannon  
  25  3:10  Shield Battery  
  25  3:22  Stalker  
  27  3:29  Photon Cannon  
  27  3:34  Shield Battery  
  27  3:47  Robotics Facility  
  27  3:49  Pylon  
  27  3:56  Shield Battery  
  27  3:58  Photon Cannon  
  23  4:17  Gateway  
  23  4:20  Robotics Facility  
  23  4:22  Gateway  
  23  4:34  Immortal  
  27  4:42  Shield Battery  
  27  4:49  Pylon  
  27  5:02  Shield Battery  
  27  5:07  Immortal  
  27  5:08  Gateway  
  31  5:25  Shield Battery  
  31  5:32  Cybernetics Core  
  31  5:56  Pylon  
  31  6:09  Robotics Facility  
  31  6:14  Stalker x2  
  31  6:18  Shield Battery  
  33  6:26  Shield Battery  
  33  6:33  Stalker  
  33  6:39  Pylon  
  35  6:47  Stalker  
  37  7:08  Immortal  
  37  7:09  Robotics Bay  
  41  7:24  Warp Gate  
  41  7:34  Pylon  
  41  7:47  Stalker  
  41  7:49  Warp Prism  
  43  7:58  Stalker  
  47  8:07  Pylon  
  47  8:17  Disruptor  
  50  8:38  Stalker x2  
  50  8:40  Stalker  
  56  8:53  Disruptor  
  58  9:18  Disruptor  
  61  9:39  Stalker  
  61  9:43  Pylon  
  63  10:01  Stalker  
  63  10:02  Stalker  
  67  10:19  Stalker  
  69  10:50  Disruptor  
  60  11:04  Stalker x3  
  40  11:48  Stalker  
  40  11:49  Stalker x2  
  46  12:11  Stalker x2  
  50  12:39  Stalker x2  
  52  13:19  Stalker x3  
Tags
 
Add a new tag
Caveats
  • Supply blocks, unpowered buildings, or Contaminate may cause inaccurate times.
  • Supply counts are checked every 10 seconds.